MLB
MINNESOTA TWINS @ CHICAGO WHITE SOX
08/26/2098
 
TOP OF THE 1ST
Minnesota Twins batting - Pitching for Chicago White Sox : RHP Hector Canadas
Pitching: RHP Hector Canadas
Batting: LHB Dan Barker 0-0: Called Strike
0-1: Fly out, F3 (Line Drive, 3, EV 72.5 MPH)
Batting: SHB Jim Whitlock 0-0: Ball
1-0: Foul Ball, location: 9LSF
1-1: Swinging Strike
1-2: Ball
2-2: Foul Ball, location: 2F
2-2: Strikes out looking
Batting: SHB William Maki 0-0: Ball
1-0: Ball
2-0: Called Strike
2-1: Called Strike
2-2: Fly out, F8 (Flyball, 8RM, EV 93.8 MPH)
Top of the 1st over - 0 runs, 0 hits, 0 errors, 0 left on base; Minnesota 0 - Chicago 0
BOTTOM OF THE 1ST
Chicago White Sox batting - Pitching for Minnesota Twins : RHP Nick Bruhl
Pitching: RHP Nick Bruhl
Batting: RHB Luis Marquina 0-0: Ball
1-0: Foul Ball, location: 2F
1-1: Called Strike
1-2: Ball
2-2: Foul Ball, location: 25FF
2-2: Fly out, F9 (Flyball, 9, EV 88.8 MPH)
Batting: LHB D.J. Horrigan 0-0: Fly out, F4 (Popup, 4, EV 79.4 MPH)
Batting: LHB Dan Roos 0-0: Ball
1-0: Swinging Strike
1-1: Ball
2-1: Swinging Strike
2-2: Strikes out swinging
Bottom of the 1st over - 0 runs, 0 hits, 0 errors, 0 left on base; Minnesota 0 - Chicago 0
TOP OF THE 2ND
Minnesota Twins batting - Pitching for Chicago White Sox : RHP Hector Canadas
Batting: RHB Bill Widby 0-0: Called Strike
0-1: Ball
1-1: Ball
2-1: Foul Ball, location: 9LMFF
2-2: Strikes out looking
Batting: LHB Emilio Gonzales 0-0: Foul Ball, location: 25FF
0-1: SOLO HOME RUN (Flyball, 78XD, EV 99.4 MPH), Distance : 404 ft
Batting: RHB Joe Looby 0-0: Called Strike
0-1: Ball
1-1: Foul Ball, location: 2F
1-2: Strikes out swinging
Batting: RHB Greg Schuler 0-0: Fly out, F9 (Flyball, 89M, EV 90.0 MPH)
Top of the 2nd over - 1 run, 1 hit, 0 errors, 0 left on base; Minnesota 1 - Chicago 0
BOTTOM OF THE 2ND
Chicago White Sox batting - Pitching for Minnesota Twins : RHP Nick Bruhl
Batting: LHB Tim Eaton 0-0: Fly out, F9 (Flyball, 89M, EV 87.5 MPH)
Batting: RHB Joey Aimone 0-0: Ball
1-0: Ball
2-0: Ball
3-0: Called Strike
3-1: Called Strike
3-2: Strikes out swinging
Batting: LHB Kevin Howard 0-0: SINGLE (Line Drive, 34, EV 108.1 MPH)
Batting: RHB Chris Hodges 0-0: Ball
1-0: Fielders Choice at 2nd, 5-4 (Groundball, 5, EV 83.1 MPH)
Bottom of the 2nd over - 0 runs, 1 hit, 0 errors, 1 left on base; Minnesota 1 - Chicago 0
TOP OF THE 3RD
Minnesota Twins batting - Pitching for Chicago White Sox : RHP Hector Canadas
Batting: LHB Chris Armstrong 0-0: Called Strike
0-1: Ball
1-1: Ball
2-1: Swinging Strike
2-2: Fly out, F9 (Flyball, 89M, EV 91.3 MPH)
Batting: SHB Nick White 0-0: Ball
1-0: Foul Ball, location: 2F
1-1: Swinging Strike
1-2: Ball
2-2: Ball
3-2: Foul Ball, location: 5DF
3-2: Foul Ball, location: 5F
3-2: Foul Ball, location: 2F
3-2: DOUBLE (Flyball, 8LD, EV 101.3 MPH)
Batting: LHB Dan Barker 0-0: Foul Ball, location: 3FF
0-1: Foul Ball, location: 7LDF
0-2: Ball
1-2: Foul Ball, location: 5SF
1-2: DOUBLE (Line Drive, 78D, EV 110.6 MPH)
Nick White scores
Batting: SHB Jim Whitlock 0-0: Ball
1-0: Called Strike
1-1: Foul Ball, location: 7LDF
1-2: Ball
2-2: DOUBLE (Line Drive, 9LM, EV 103.8 MPH)
Dan Barker scores
Batting: SHB William Maki 0-0: Called Strike
0-1: Ball
1-1: Ball
2-1: Called Strike
2-2: Ground out U3 (Groundball, 3L, EV 85.6 MPH)
Jim Whitlock to third
Batting: RHB Bill Widby 0-0: Called Strike
0-1: Foul Ball, location: 7LMF
0-2: Strikes out swinging
Top of the 3rd over - 2 runs, 3 hits, 0 errors, 1 left on base; Minnesota 3 - Chicago 0
BOTTOM OF THE 3RD
Chicago White Sox batting - Pitching for Minnesota Twins : RHP Nick Bruhl
Batting: RHB Cory Gilmore 0-0: Foul Ball, location: 2F
0-1: Ball
1-1: DOUBLE (Groundball, 5L, EV 99.4 MPH)
Batting: RHB Vinny Figueroa 0-0: Called Strike
0-1: Foul Ball, location: 9LMF
0-2: Foul Ball, location: 2F
0-2: Strikes out swinging
Batting: RHB Luis Marquina 0-0: Called Strike
0-1: Ball
1-1: Foul Ball, location: 9LDF
1-2: Foul Ball, location: 3F
1-2: Foul Ball, location: 2F
1-2: Ball
2-2: Foul Ball, location: 2F
2-2: Ball
3-2: Foul Ball, location: 2F
3-2: Base on Balls
Batting: LHB D.J. Horrigan 0-0: Foul Ball, location: 25F
0-1: Ball
1-1: SINGLE (Line Drive, 3D, EV 101.9 MPH)
Cory Gilmore to third
Luis Marquina to second
Runner from 3rd tries for Home, SAFE, throw by RF to home
Batting: LHB Dan Roos 0-0: Called Strike
0-1: Foul Ball, location: 25F
0-2: Strikes out swinging
Batting: LHB Tim Eaton 0-0: Called Strike
0-1: Foul Ball, location: 2F
0-2: Ball
1-2: Ball
2-2: SINGLE (Line Drive, 6D, EV 103.1 MPH)
Luis Marquina to third
D.J. Horrigan to second
Runner from 3rd tries for Home, SAFE, throw by CF to home
Batting: RHB Joey Aimone 0-0: Called Strike
0-1: Called Strike
0-2: Foul Ball, location: 2F
0-2: Foul Ball, location: 2F
0-2: Ball
1-2: Ball
2-2: Strikes out swinging
Bottom of the 3rd over - 2 runs, 3 hits, 0 errors, 2 left on base; Minnesota 3 - Chicago 2
TOP OF THE 4TH
Minnesota Twins batting - Pitching for Chicago White Sox : RHP Hector Canadas
Batting: LHB Emilio Gonzales 0-0: Ball
1-0: Fly out, F6 (Popup, P, EV 88.1 MPH)
Batting: RHB Joe Looby 0-0: Called Strike
0-1: Ball
1-1: Ball
2-1: Fly out, F8 (Line Drive, 8LD, EV 91.3 MPH)
Batting: RHB Greg Schuler 0-0: Called Strike
0-1: Foul Ball, location: 2RF
0-2: Strikes out swinging
Top of the 4th over - 0 runs, 0 hits, 0 errors, 0 left on base; Minnesota 3 - Chicago 2
BOTTOM OF THE 4TH
Chicago White Sox batting - Pitching for Minnesota Twins : RHP Nick Bruhl
Batting: LHB Kevin Howard 0-0: Called Strike
0-1: Fly out, F8 (Flyball, 8LM, EV 90.6 MPH)
Batting: RHB Chris Hodges 0-0: Ball
1-0: Foul Ball, location: 5F
1-1: Called Strike
1-2: Strikes out swinging
Batting: RHB Cory Gilmore 0-0: SINGLE (Flyball, 4D, EV 94.4 MPH)
Batting: RHB Vinny Figueroa 0-0: Ball
1-0: Foul Ball, location: 2F
1-1: Called Strike
1-2: Fielders Choice at 2nd, 6-4 (Groundball, 6, EV 86.3 MPH)
Bottom of the 4th over - 0 runs, 1 hit, 0 errors, 1 left on base; Minnesota 3 - Chicago 2
TOP OF THE 5TH
Minnesota Twins batting - Pitching for Chicago White Sox : RHP Hector Canadas
Batting: LHB Chris Armstrong 0-0: Ball
1-0: Ball
2-0: Called Strike
2-1: Foul Ball, location: 2F
2-2: Ground out 4-3 (Groundball, 4, EV 91.3 MPH)
Batting: SHB Nick White 0-0: Ground out 4-3 (Groundball, 4, EV 98.8 MPH)
Batting: LHB Dan Barker 0-0: Ball
1-0: Called Strike
1-1: Ball
2-1: Ground out 5-3 (Groundball, 56, EV 86.9 MPH)
Top of the 5th over - 0 runs, 0 hits, 0 errors, 0 left on base; Minnesota 3 - Chicago 2
BOTTOM OF THE 5TH
Chicago White Sox batting - Pitching for Minnesota Twins : RHP Nick Bruhl
Pitching: RHP Ryan Sassi
Batting: RHB Luis Marquina 0-0: Called Strike
0-1: Ball
1-1: Foul Ball, location: 3FF
1-2: Foul Ball, location: 2F
1-2: Ball
2-2: Strikes out swinging
Batting: LHB D.J. Horrigan 0-0: Ball
1-0: Foul Ball, location: 7LMF
1-1: Ball
2-1: Ball
3-1: SINGLE (Groundball, 6MD, EV 103.8 MPH)
Batting: LHB Dan Roos 0-0: Called Strike
0-1: Ball
1-1: Called Strike
1-2: Strikes out swinging
Batting: LHB Tim Eaton 0-0: Foul Ball, location: 2F
0-1: Ball
1-1: Swinging Strike
1-2: Ball
2-2: Ball
3-2: Base on Balls
D.J. Horrigan to second
Batting: RHB Joey Aimone 0-0: Called Strike
0-1: Ball
1-1: Foul Ball, location: 5SF
1-2: Ball
2-2: Fly out, F8 (Flyball, 8LM, EV 88.8 MPH)
Bottom of the 5th over - 0 runs, 1 hit, 0 errors, 2 left on base; Minnesota 3 - Chicago 2
TOP OF THE 6TH
Minnesota Twins batting - Pitching for Chicago White Sox : RHP Hector Canadas
Batting: SHB Jim Whitlock 0-0: Ball
1-0: Fly out, F4 (Popup, 34S, EV 86.9 MPH)
Batting: SHB William Maki 0-0: Ground out 1-3 (Groundball, 13S, EV 66.9 MPH)
Batting: RHB Bill Widby 0-0: Ball
1-0: Called Strike
1-1: Ball
2-1: Called Strike
2-2: Ball
3-2: Foul Ball, location: 2F
3-2: Ground out 4-3 (Groundball, 4, EV 86.3 MPH)
Top of the 6th over - 0 runs, 0 hits, 0 errors, 0 left on base; Minnesota 3 - Chicago 2
BOTTOM OF THE 6TH
Chicago White Sox batting - Pitching for Minnesota Twins : RHP Ryan Sassi
Batting: LHB Kevin Howard 0-0: Called Strike
0-1: Hit by Pitch
Batting: RHB Chris Hodges 0-0: Ball
1-0: Ball
2-0: Grounds into double play, 6-4-3 (Groundball, 6MD, EV 96.3 MPH)
Batting: RHB Cory Gilmore 0-0: Foul Ball, location: 9LSF
0-1: SINGLE (Line Drive, 8LS, EV 99.4 MPH)
Batting: RHB Vinny Figueroa 0-0: Called Strike
0-1: Foul Ball, location: 9LSF
0-2: SINGLE (Groundball, 56D, EV 96.3 MPH)
Cory Gilmore to second
Pitching: RHP Jeff Olguin
Batting: RHB Luis Marquina 0-0: Called Strike
0-1: SINGLE (Line Drive, 7S, EV 94.4 MPH)
Cory Gilmore to third
Vinny Figueroa to second
Runner from 3rd tries for Home, SAFE, throw by LF to home
Batting: LHB D.J. Horrigan 0-0: Swinging Strike
0-1: Ball
1-1: Ball
2-1: Called Strike
2-2: Strikes out swinging
Bottom of the 6th over - 1 run, 3 hits, 0 errors, 2 left on base; Minnesota 3 - Chicago 3
TOP OF THE 7TH
Minnesota Twins batting - Pitching for Chicago White Sox : RHP Hector Canadas
Pitching: RHP Keith Dragisic
Batting: LHB Emilio Gonzales 0-0: Ball
1-0: Ball
2-0: Ball
3-0: Called Strike
3-1: Fly out, F7 (Flyball, 7D, EV 98.8 MPH)
Batting: RHB Joe Looby 0-0: Ball
1-0: Foul Ball, location: 5SF
1-1: Swinging Strike
1-2: Ball
2-2: Ball
3-2: DOUBLE (Flyball, 89D, EV 96.9 MPH)
Batting: RHB Greg Schuler 0-0: Intentional Walk
Pinch Runner at 2nd Rogelio Rivera:
Batting: LHB Chris Armstrong 0-0: Fly out, F8 (Flyball, 78S, EV 98.8 MPH)
Batting: SHB Nick White 0-0: Called Strike
0-1: Swinging Strike
0-2: Ball
1-2: Foul Ball, location: 5F
1-2: Ball
2-2: Foul Ball, location: 2F
2-2: Strikes out looking
Top of the 7th over - 0 runs, 1 hit, 0 errors, 2 left on base; Minnesota 3 - Chicago 3
BOTTOM OF THE 7TH
Chicago White Sox batting - Pitching for Minnesota Twins : RHP Jeff Olguin
Now at 1B: Rogelio Rivera
Batting: LHB Dan Roos 0-0: Ball
1-0: Ball
2-0: Called Strike
2-1: Ball
3-1: SOLO HOME RUN (Flyball, 9D, EV 106.3 MPH), Distance : 378 ft
Batting: LHB Tim Eaton 0-0: Foul Ball, location: 2F
0-1: Fly out, F7 (Flyball, 7, EV 88.8 MPH)
Batting: RHB Joey Aimone 0-0: Ball
1-0: Ball
2-0: Foul Ball, location: 25F
2-1: Swinging Strike
2-2: Fly out, F7 (Line Drive, 78D, EV 88.1 MPH)
Batting: LHB Kevin Howard 0-0: Ground out U3 (Groundball, 3L, EV 99.4 MPH)
Bottom of the 7th over - 1 run, 1 hit, 0 errors, 0 left on base; Minnesota 3 - Chicago 4
TOP OF THE 8TH
Minnesota Twins batting - Pitching for Chicago White Sox : RHP Keith Dragisic
Batting: LHB Dan Barker 0-0: Foul Ball, location: 2F
0-1: Ground out 6-3 (Groundball, 6, EV 102.5 MPH)
Batting: SHB Jim Whitlock 0-0: Ground out 6-3 (Groundball, 6, EV 83.8 MPH)
Batting: SHB William Maki 0-0: Called Strike
0-1: Ball
1-1: Foul Ball, location: 3DF
1-2: Fly out, F9 (Flyball, 9LD, EV 110.6 MPH)
Top of the 8th over - 0 runs, 0 hits, 0 errors, 0 left on base; Minnesota 3 - Chicago 4
BOTTOM OF THE 8TH
Chicago White Sox batting - Pitching for Minnesota Twins : RHP Jeff Olguin
Batting: RHB Chris Hodges 0-0: Called Strike
0-1: Foul Ball, location: 5F
0-2: Ground out 4-3 (Groundball, 4, EV 99.4 MPH)
Batting: RHB Cory Gilmore 0-0: Foul Ball, location: 3F
0-1: Ball
1-1: Ball
2-1: Ball
3-1: SINGLE (Groundball, 4D, EV 101.9 MPH)
Pitching: LHP Andres Martines
Batting: RHB Vinny Figueroa 0-0: Ball
Wild Pitch!
Cory Gilmore to second
1-0: Swinging Strike
1-1: Swinging Strike
1-2: Strikes out swinging
Batting: RHB Luis Marquina 0-0: Called Strike
0-1: Ball
1-1: Ball
2-1: Called Strike
2-2: Strikes out swinging
Bottom of the 8th over - 0 runs, 1 hit, 0 errors, 1 left on base; Minnesota 3 - Chicago 4
TOP OF THE 9TH
Minnesota Twins batting - Pitching for Chicago White Sox : RHP Keith Dragisic
Now in RF: Tyler Fauver
Batting: RHB Bill Widby 0-0: Ball
1-0: Foul Ball, location: 5F
1-1: Ball
2-1: Fly out, F7 (Flyball, 7LS, EV 76.9 MPH)
Batting: LHB Emilio Gonzales 0-0: Foul Ball, location: 9LDF
0-1: Called Strike
0-2: Foul Ball, location: 5DF
0-2: Strikes out swinging
Batting: RHB Rogelio Rivera 0-0: Ball
1-0: Called Strike
1-1: Ball
2-1: Swinging Strike
2-2: Strikes out looking
Top of the 9th over - 0 runs, 0 hits, 0 errors, 0 left on base; Minnesota 3 - Chicago 4
Saturday, April 13th , 2024 - OOTP Baseball 24.11 Build 85